 Crawl Stoat Soup version 0.23-ish-327-95-g181beea39d (console) character file.

3 ceb the Grave Robber (level 1, -5/11 HPs)
             Began as a Faerie Dragon Necromancer on Apr 9, 2024.
             Slain by a gnoll
             ... wielding a +3 spear
              (16 damage)
             ... on level 1 of the Dungeon.
             The game lasted 00:00:13 (155 turns).

ceb the Grave Robber (Faerie Dragon Necromancer)     Turns: 155, Time: 00:00:13

Health: -5/11      AC:  6    Str:  6    XL:     1   Next: 50%
Magic:  4/4        EV: 14    Int: 18    God:
Gold:   0          SH:  6    Dex: 12    Spells: 4/5 levels left

rFire    . . .     SeeInvis .   a - +0 short sword
rCold    . . .     Gourm    .   (shield restricted)
rNeg     . . .     Faith    .   (armour unavailable)
rPois    .         Spirit   .   (helmet restricted)
rElec    .         Warding  .   (no cloak)
rCorr    .         Reflect  .   (no gloves)
MR       .....     Harm     .   (no boots)
Stlth    +.........             (no amulet)
HPRegen  0.03/turn              (no ring)
MPRegen  0.09/turn              (no ring)

@: flying
A: small, sparkly, unfitting armour, magic attunement, magical scales, able to
fly
a: Stop Flying


You were on level 1 of the Dungeon.
You were not hungry.

You visited 1 branch of the dungeon, and saw 1 of its levels.

Inventory:

Hand Weapons
 a - a +0 short sword (weapon)
Potions
 b - a potion of curing {unknown}
Comestibles
 c - 2 bread rations
 d - 3 chunks of flesh
 f - 3 meat rations


   Skills:
 + Level 0.1 Fighting
 + Level 2.2 Dodging
 - Level 1.2 Stealth
 + Level 2.5 Spellcasting
 * Level 4.9 Necromancy


You had 4 spell levels left.
You knew the following spells:

 Your Spells              Type           Power        Failure   Level  Hunger
a - Necrotise             Necr           20/25        2%          1    None

Your spell library contained the following spells:

 Spells                   Type           Power        Failure   Level  Hunger
 Vampiric Draining        Necr           20/200       7%          3    None
 Animate Dead             Necr           N/A          22%         4    None
 Regeneration             Chrm/Necr      11/200       52%         4    None


Dungeon Overview and Level Annotations

Branches:
Dungeon (1/15)

Altars:


Innate Abilities, Weirdness & Mutations

Your sparkly wings attract attention (Stealth-).
You are small and have problems with some larger weapons.
You cannot fit into any form of body armour.
Your spells do not cause hunger; their MP costs are reduced by 1.
Your shimmering scales repel attacks (AC +6, SH +6).
You can fly continuously.


Message History

Confirm with . or Enter, or press ? or * to list all spells.
Aiming: Necrotise (safe; 2% risk of failure)
Press: ? - help, Shift-Dir - straight line, f - gnoll
Aim: a gnoll, wielding an enchanted spear (chance to defeat MR: 85%)
The gnoll writhes in agony!
Casting: Necrotise (safe; 2% risk of failure)
Confirm with . or Enter, or press ? or * to list all spells.
Aiming: Necrotise (safe; 2% risk of failure)
Press: ? - help, Shift-Dir - straight line, f/p - gnoll
Aim: a gnoll, wielding an enchanted spear (heavily wounded, chance to defeat MR: 85%)
The gnoll writhes in agony.
The gnoll barely misses you.
Casting: Necrotise (safe; 2% risk of failure)
Confirm with . or Enter, or press ? or * to list all spells.
Aiming: Necrotise (safe; 2% risk of failure)
Press: ? - help, Shift-Dir - straight line, f/p - gnoll
Aim: a gnoll, wielding an enchanted spear (almost dead, chance to defeat MR: 85%)
The gnoll barely resists.
The gnoll hits you from afar with an enchanted spear!
Ouch! That really hurt!
You die...

###.....###############
....>........ZZ.@.g...#
###.###.#############.#
........###[
###........# #
#.##.####. # #.##.####
###.......# ZZ........#
###.##.#..# ###.##.....
...... #..# ##..## ..#
##.... .# ...... .#..#.
.# ...


You could see a gnoll, a friendly goblin skeleton and a friendly hobgoblin
skeleton.

Vanquished Creatures
  A goblin (D:1)
  A hobgoblin (D:1)
  A kobold (D:1)
3 creatures vanquished.

Notes
Turn   | Place    | Note
-------+----------+-------------------------------------------
     0 | D:1      | ceb the Faerie Dragon Necromancer began the quest for the
                  | Orb.
     0 | D:1      | Reached XP level 1. HP: 11/11 MP: 3/3
   155 | D:1      | Slain by a gnoll

Vault maps used:
D:1:      onia_arrival_mini_spirals, minmay_misc_feat_iff

Action                   || total
-------------------------++-------
 Cast: Necrotise         ||     9
Armor: Skin              ||     1
Dodge: Dodged            ||     2

Table legend:
 A = Spawn XP
 B = Non-spawn XP
 C = Spawn XP percentage of total XP
 D = Spawn monster count
 E = Non-spawn monster count
 F = Spawn count percentage of total count
 G = Total turns spent on level
                    A         B        C        D         E        F      G
               +---------+---------+-------+---------+---------+-------+---------
         Total |       0 |       5 |   0.0 |       0 |       3 |   0.0 |   155
               +---------+---------+-------+---------+---------+-------+---------
           D:1 |       0 |       5 |   0.0 |       0 |       3 |   0.0 |   155
               +---------+---------+-------+---------+---------+-------+---------
